 Dungeon Crawl Stone Soup version 0.31.0-11-ge490571c62 (webtiles) character file.

Game seed: 2222354473984869100

33 qw the Shooter (level 3, 0/20 HPs)
             Began as a Deep Elf Hunter on Feb 3, 2024.
             Succumbed to their own poison gas
             ... on level 1 of the Dungeon.
             The game lasted 00:00:17 (726 turns).

qw the Shooter (Deep Elf Hunter)                     Turns: 726, Time: 00:00:17

Health: 0/20       AC:  3    Str: 10    XL:     3   Next: 12%
Magic:  5/5        EV: 12    Int: 13    God:
Gold:   61         SH:  0    Dex: 18    Spells: 2/2 levels left

rFire   . . .        a - +0 shortbow
rCold   . . .        (shield currently unavailable)
rNeg    . . .        c - +0 leather armour
rPois   .            (no helmet)
rElec   .            (no cloak)
rCorr   .            (no gloves)
SInv    .            (no boots)
Will    .....        (no amulet)
Stlth   ++           (no ring)
HPRegen 0.23/turn    (no ring)
MPRegen 0.09/turn

%: no passive effects
@: lethally poisoned (0 -> -2)
A: no striking features
a: no special abilities


You were on level 1 of the Dungeon.
You visited 1 branch of the dungeon, and saw 1 of its levels.

You collected 61 gold pieces.


   Skills:
 - Level 1.5 Fighting
 + Level 6.7 Ranged Weapons
 - Level 2.4 Dodging
 - Level 1.2 Stealth


You had 2 spell levels left.
You didn't know any spells.
Your spell library was empty.

Inventory:

Hand Weapons
 a - a +0 shortbow (weapon)
Armour
 c - a +0 leather armour (worn)
Potions
 d - 2 potions of heal wounds

Dungeon Overview and Level Annotations

Branches:
Dungeon (1/15)

Altars:

Shops:
D:1 !*[


Message History

715 ||| IDENTIFYING 2 fizzy blue potions
d - 2 potions of heal wounds Done exploring.
716 ||| READING scroll labelled ICWODO VINOURA.
As you read the scroll labelled ICWODO VINOURA, it dissolves into smoke.
It was a scroll of fog.
Done exploring.
717 ||| DROPPING scroll of butterflies.
You drop a scroll of butterflies.
Done exploring.
What level of the Dungeon? (default 1, ? - help) Sorry, I don't know how to get there.
Enter note:
Enter note:
Enter note:
Enter note:
Enter note:
Enter note:
Enter note:
Enter note:
Enter note: You are engulfed in poison gas.
You are poisoned.
You feel very sick.
719 ||| Stepping ~*~*~tactically~*~*~ (cloud).
You feel very sick.
There is an open door here.
You see here a scroll of butterflies.
There is a lethal amount of poison in your body!
You feel sick.
There is a lethal amount of poison in your body!
You feel sick.
There is a lethal amount of poison in your body!
You feel sick.
There is a lethal amount of poison in your body!
You feel sick.
There is a lethal amount of poison in your body!
You feel sick.
There is a lethal amount of poison in your body!
You feel sick.
There is a lethal amount of poison in your body!
You die...

77........#
77.........7
7..........7
####..........7
##.¤#######....77
#0000¤..........7
#0.0¤#..........77
##00#######......7
##@#..%.........7
#0¤#....P.......7
#¤.#.P.P....#..#7
#¤0#..P...P.#..#
#¤0#8P.....8#..#
#00#..P.P.P.#..#
#0¤#.P.P....#..#
####..).....##'#
##..##########..##


There were no monsters in sight!

Vanquished Creatures
  A dart slug (D:1)
  4 bats (D:1)
  3 endoplasms (D:1)
  2 giant cockroaches (D:1)
  5 goblins (D:1)
  3 hobgoblins (D:1)
  3 kobolds (D:1)
  2 ball pythons (D:1)
  2 frilled lizards (D:1)
  3 rats (D:1)
28 creatures vanquished.

Notes
Turn   | Place    | Note
-------+----------+-------------------------------------------
     0 | D:1      | qw the Deep Elf Hunter began the quest for the Orb.
     0 | D:1      | Reached XP level 1. HP: 12/12 MP: 3/3
     0 | D:1      | 0 ||| qw: Version: 0.3-a-155-g5e7d8dd
     0 | D:1      | 0 ||| qw: Game counter: 3187
     0 | D:1      | 0 ||| qw: Melee chars always use a shield: true
     0 | D:1      | 0 ||| qw: God list: Okawaru
     0 | D:1      | 0 ||| qw: Allow faded altars: false
     0 | D:1      | 0 ||| qw: Do Orc after clearing Dungeon:15 true
     0 | D:1      | 0 ||| qw: Do second Lair branch before Depths: true
     0 | D:1      | 0 ||| qw: Lair rune preference: random
     0 | D:1      | 0 ||| qw: Goals: Normal
     0 | D:1      | 0 ||| PLANNING D:1-11
   136 | D:1      | Reached XP level 2. HP: 16/16 MP: 4/4
   157 | D:1      | Reached skill level 6 in Ranged Weapons
   161 | D:1      | Found Joilab's Distillery.
   180 | D:1      | 180 ||| SHOPLISTING potion of haste (110 gold, have 37).
   180 | D:1      | 180 ||| SHOPLISTING potion of heal wounds (55 gold, have
                  | 37).
   180 | D:1      | 180 ||| SHOPLISTING potion of might (44 gold, have 37).
   352 | D:1      | Found Goycy's General Store.
   361 | D:1      | 361 ||| SHOPLISTING 2 potions of curing (84 gold, have 40).
   361 | D:1      | 361 ||| SHOPLISTING ring of willpower (350 gold, have 40).
   361 | D:1      | 361 ||| SHOPLISTING scroll of enchant armour (105 gold,
                  | have 40).
   361 | D:1      | 361 ||| SHOPLISTING wand of digging (5) (294 gold, have
                  | 40).
   391 | D:1      | Found Deuthrean's Antique Armour Shoppe.
   399 | D:1      | 399 ||| SHOPLISTING pair of boots (139 gold, have 40).
   399 | D:1      | 399 ||| SHOPLISTING ring mail (124 gold, have 40).
   399 | D:1      | 399 ||| SHOPLISTING scale mail (124 gold, have 40).
   528 | D:1      | Reached XP level 3. HP: 20/20 MP: 5/5
   714 | D:1      | 714 ||| READING scroll labelled PAOLOL ZURRY POA.
   715 | D:1      | 715 ||| READING scroll labelled DOMICH ZOUFAM.
   715 | D:1      | 715 ||| IDENTIFYING 2 fizzy blue potions
   716 | D:1      | 716 ||| READING scroll labelled ICWODO VINOURA.
   717 | D:1      | 717 ||| DROPPING scroll of butterflies.
   719 | D:1      | 719 ||| Stepping ~*~*~tactically~*~*~ (cloud).
   721 | D:1      | HP: 5/20 [poisoned by you (poison gas)]
   723 | D:1      | HP: 2/20 [poisoned by you (poison gas)]
   726 | D:1      | Succumbed to their own poison gas

Levels and vault maps discovered:
D:1:      sevenhm_arrival_forest_fort_large_4, layout_basic, serial_shops,
          nicolae_lakefront_shop, shop_fountains, nicolae_shop_stone,
          minmay_tetromino_i2

Skill      XL: |  1  2 |
---------------+-------+-----
Ranged Weapons | 6 |  6.7
Fighting       | |  1.5
Dodging        | |  2.4
Stealth        | |  1.2

Action                     || total
---------------------------++-------
   Fire: Shortbow          ||    68
    Use: Scroll            ||     3
 Armour: Leather armour    ||     4
  Dodge: Dodged            ||    12

Table legend:
 A = Non-vault XP
 B = Vault XP
 C = Vault XP percentage of total XP
 D = Non-vault monster count
 E = Vault monster count
 F = Vault count percentage of total count
                 A         B        C        D         E       F
            +---------+---------+-------+---------+---------+-------
      Total |      46 |       2 |   4.2 |      27 |       1 |   3.6
            +---------+---------+-------+---------+---------+-------
        D:1 |      46 |       2 |   4.2 |      27 |       1 |   3.6
            +---------+---------+-------+---------+---------+-------
